Map: Ley Lines

Players

SubN

  • Race: Zerg Zerg
  • League: Diamond
  • Spawn Location: 1:00

IIIIIIIIIIII - Winner!

  • Race: Terran Terran
  • League: Diamond
  • Spawn Location: 7:00

VOD

Have the link to the VOD?

Description

Time

  • Played on: July 28, 2025, 6:56 p.m.
  • Length: 12:15
Show
View Real Time Build Order
Export as new Build Order

SubN Zerg 

Build Orders: Hatch First 

Get SALT Encoding   

  12  0:00  Drone  
  13  0:14  Overlord  
  13  0:28  Drone  
  14  0:32  Drone x2  
  16  0:51  Drone, Hatchery  
  16  0:55  Drone  
  17  1:00  Drone  
  18  1:06  Extractor  
  17  1:18  Spawning Pool  
  17  1:20  Drone  
  17  1:22  Drone  
  18  1:32  Drone  
  19  2:08  Zergling x6  
  22  2:11  Zergling x2  
  22  2:12  Queen x2  
  27  2:16  Metabolic Boost  
  27  2:32  Overlord  
  27  2:37  Overlord  
  27  2:42  Drone  
  28  2:53  Queen  
  28  2:54  Queen  
  28  2:56  Drone  
  28  2:58  Drone  
  34  3:03  Drone  
  33  3:13  Drone x4  
  36  3:29  Overlord x2  
  36  3:52  Hatchery  
  35  3:59  Drone x5  
  40  4:06  Zergling x4, Roach Warren  
  41  4:12  Lair  
  41  4:15  Drone  
  41  4:16  Drone  
  43  4:24  Drone x4  
  46  4:33  Overlord  
  46  4:35  Pneumatized Carapace  
  46  4:39  Drone x3  
  46  4:40  Extractor  
  48  4:49  Overlord x2  
  48  5:05  Drone x7  
  55  5:09  Queen  
  57  5:18  Queen  
  60  5:21  Drone x5  
  60  5:28  Queen  
  66  5:31  Drone  
  66  5:35  Baneling Nest  
  66  5:36  Drone x2  
  66  5:37  Drone x2  
  66  5:40  Glial Reconstitution, Extractor  
  66  5:42  Drone x2  
  71  5:48  Evolution Chamber  
  71  5:49  Drone x3, Evolution Chamber  
  72  5:50  Drone  
  73  5:59  Overlord x3  
  73  6:07  Overseer  
  73  6:12  Roach x4  
  81  6:19  Roach x5  
  81  6:24  Centrifugal Hooks  
  91  6:29  Drone  
  93  6:32  Drone  
  93  6:33  Spire  
  93  6:34  Zergling x4  
  93  6:35  Zergling x8  
  98  6:41  Ravager  
  98  6:44  Zergling x6  
  102  6:51  Overlord  
  102  7:08  Roach  
  104  7:09  Zergling x2  
  104  7:10  Zergling x16  
  98  7:26  Zergling x10  
  88  7:46  Drone x6  
  88  7:49  Overlord x2  
  94  7:59  Mutalisk x4  
  102  8:11  Zerg Melee Weapons Level 1, Hatchery  
  101  8:13  Zerg Ground Armor Level 1  
  101  8:14  Mutalisk  
  101  8:17  Overlord  
  101  8:18  Overlord x2  
  101  8:19  Extractor  
  102  8:20  Zergling x4  
  102  8:26  Extractor  
  103  8:27  Extractor  
  103  8:28  Drone x2  
  103  8:29  Drone x3  
  107  8:36  Drone  
  107  8:40  Queen  
  110  8:45  Mutalisk x2  
  114  8:53  Baneling x5  
  114  8:55  Baneling  
  114  9:00  Overlord x3  
  114  9:08  Baneling x4  
  114  9:10  Zergling x2  
  114  9:11  Zergling x16  
  114  9:15  Zerg Flyer Weapons Level 1  
  123  9:46  Queen  
  123  9:48  Drone x19  
  144  9:55  Overlord x3  
  144  10:02  Overseer  
  144  10:03  Overseer  
  144  10:05  Overseer  
  144  10:07  Baneling  
  144  10:08  Zergling x2, Baneling x4  
  144  10:09  Zergling x12  
  151  10:16  Hatchery  
  148  10:22  Queen  
  148  10:27  Zergling x2  
  148  10:28  Zergling x16  
  156  10:29  Zergling x2  
  156  10:30  Queen  
  116  10:57  Roach x2  
  116  10:58  Roach x14  
  148  11:10  Infestation Pit  
  147  11:12  Queen  
  149  11:26  Extractor  
  118  11:57  Overlord x3  
Show
View Real Time Build Order
Export as new Build Order

IIIIIIIIIIII Terran - Winner!

Build Orders: Mech 

Get SALT Encoding   

  12  0:00  SCV  
  13  0:13  SCV  
  14  0:17  Supply Depot  
  14  0:25  SCV  
  15  0:39  SCV  
  15  0:41  Barracks  
  16  0:51  SCV  
  17  1:03  SCV  
  18  1:23  Command Center  
  18  1:27  Orbital Command  
  18  1:28  Marine  
  19  1:35  Bunker  
  19  1:43  Supply Depot  
  19  1:48  Marine  
  20  1:56  SCV  
  21  2:07  Marine  
  21  2:08  SCV  
  23  2:20  SCV  
  24  2:24  Marine  
  24  2:32  SCV  
  24  2:36  Command Center  
  25  2:42  Marine  
  25  2:43  Supply Depot  
  26  2:44  SCV  
  26  2:48  Orbital Command  
  27  2:55  Refinery  
  27  2:56  SCV  
  28  3:00  Marine  
  28  3:03  Supply Depot  
  29  3:08  SCV  
  30  3:23  Marine  
  30  3:26  SCV  
  30  3:27  SCV  
  32  3:39  SCV x2  
  34  3:45  Marine  
  35  3:51  SCV x2  
  37  3:57  Refinery, Orbital Command  
  37  4:03  Marine, SCV x2  
  40  4:15  SCV x2  
  41  4:21  Marine  
  42  4:27  Orbital Command, SCV x2  
  44  4:39  SCV x2  
  44  4:41  Bunker  
  44  4:43  Factory  
  46  4:46  Barracks Reactor  
  46  4:51  Refinery, SCV x2  
  48  4:53  SCV  
  49  5:03  SCV x2  
  49  5:04  Factory  
  49  5:05  SCV  
  52  5:12  Command Center  
  52  5:15  SCV x2  
  52  5:17  SCV  
  52  5:18  Factory  
  55  5:27  SCV  
  55  5:28  SCV  
  57  5:29  SCV  
  57  5:32  Barracks Reactor  
  57  5:35  Hellion x2  
  62  5:36  Command Center  
  62  5:40  SCV x2  
  62  5:41  SCV  
  62  5:42  Refinery  
  65  5:51  Factory Tech Lab  
  65  5:52  SCV x2  
  65  5:53  SCV  
  65  5:56  Hellion  
  65  5:57  Hellion  
  72  6:04  SCV x2  
  74  6:06  SCV  
  74  6:07  Factory Tech Lab  
  74  6:10  Factory  
  75  6:16  Supply Depot, SCV x2  
  75  6:18  Supply Depot  
  77  6:19  Supply Depot  
  77  6:21  Supply Depot  
  77  6:23  Hellion x2, SCV, Siege Tank  
  85  6:26  Siege Tank  
  85  6:28  SCV x2  
  90  6:33  Refinery  
  90  6:34  Refinery  
  90  6:35  SCV  
  91  6:40  SCV x2  
  91  6:43  Armory  
  91  6:44  Engineering Bay  
  91  6:45  Hellion  
  96  6:47  Widow Mine  
  96  6:49  SCV x2  
  96  6:52  SCV x2  
  100  6:55  Siege Tank  
  100  6:58  Siege Tank  
  106  7:01  SCV  
  106  7:04  SCV  
  106  7:06  Widow Mine  
  109  7:18  SCV x4  
  99  7:28  Widow Mine x3  
  105  7:30  SCV  
  105  7:31  SCV x3, Widow Mine  
  107  7:43  SCV x4  
  103  7:46  Orbital Command, Infernal Pre-Igniter  
  103  7:47  Bunker, Factory Tech Lab  
  103  7:50  Widow Mine x3  
  109  7:55  Supply Depot, SCV x4  
  109  7:56  Supply Depot  
  109  7:57  Supply Depot  
  113  8:07  SCV x3  
  113  8:10  Missile Turret x2  
  118  8:12  SCV  
  118  8:16  Planetary Fortress  
  118  8:19  SCV x3  
  120  8:22  Cyclone x2  
  120  8:25  SCV  
  127  8:27  Terran Vehicle Weapons Level 1  
  127  8:28  Missile Turret  
  127  8:31  Missile Turret, SCV x3  
  127  8:32  Missile Turret  
  127  8:33  Missile Turret  
  130  8:37  Missile Turret, SCV  
  131  8:43  SCV x3  
  134  8:49  SCV  
  134  8:54  Missile Turret, Cyclone x2  
  134  8:55  SCV x3  
  144  9:01  SCV  
  145  9:05  Refinery  
  145  9:06  Refinery  
  145  9:07  SCV  
  145  9:08  Missile Turret x2  
  145  9:09  Missile Turret  
  146  9:13  Neosteel Armor, Command Center  
  146  9:14  Armory  
  146  9:18  Hellion x2  
  150  9:26  Cyclone x2  
  150  9:28  Factory  
  154  9:36  Hellion  
  154  9:37  Mag-Field Accelerator  
  154  9:38  Drilling Claws  
  153  9:40  Hellion x2  
  154  9:57  Hellion  
  154  9:58  Cyclone  
  154  9:59  Command Center x2, Siege Tank  
  162  10:01  Hellion x2  
  162  10:04  Command Center  
  166  10:12  Factory  
  166  10:13  Terran Vehicle And Ship Armor Level 1  
  166  10:19  Widow Mine  
  168  10:22  Hellion  
  168  10:25  Widow Mine x2  
  168  10:28  Supply Depot  
  174  10:29  Supply Depot  
  174  10:30  Supply Depot  
  174  10:31  Cyclone, Siege Tank  
  174  10:33  Supply Depot  
  180  10:40  Widow Mine  
  176  10:44  Widow Mine  
  176  10:46  Widow Mine x2  
  167  10:50  SCV  
  167  10:51  SCV x4  
  169  11:01  Widow Mine  
  169  11:03  Cyclone, SCV x5, Widow Mine  
  181  11:05  Widow Mine  
  181  11:06  Hi-Sec Auto Tracking  
  181  11:07  Widow Mine x2  
  181  11:10  Command Center  
  187  11:12  Planetary Fortress  
  187  11:15  SCV x5  
  192  11:27  SCV x5  
  192  11:34  Widow Mine x4  
  191  12:10  Factory Tech Lab x2  
Tags
 
Composition
Mech
Matchup
TvZ
Replay Pack
Multiplayer
Spawn Locations
Cross Positions
Add a new tag
Caveats
  • Supply blocks, unpowered buildings, or Contaminate may cause inaccurate times.
  • Supply counts are checked every 10 seconds.